 Dungeon Crawl Stone Soup version 0.31.0-11-ge490571c62 (webtiles) character file.

Game seed: 17334814847386132536

53 qw the Shooter (level 3, -4/20 HPs)
             Began as a Deep Elf Hunter on Feb 5, 2024.
             Killed by divine providence
             ... invoked by an orc priest
              (12 damage)
             ... on level 3 of the Dungeon.
             The game lasted 00:00:36 (1406 turns).

qw the Shooter (Deep Elf Hunter)                    Turns: 1406, Time: 00:00:36

Health: -4/20      AC:  5    Str: 10    XL:     3   Next: 62%
Magic:  5/5        EV: 12    Int: 13    God:
Gold:   77         SH:  0    Dex: 18    Spells: 2/2 levels left

rFire   + . .        a - +0 shortbow
rCold   + . .        (shield currently unavailable)
rNeg    . . .        g - +1 leather armour {rPois}
rPois   +            (no helmet)
rElec   .            e - +0 cloak
rCorr   .            (no gloves)
SInv    .            (no boots)
Will    .....        (no amulet)
Stlth   ++           o - ring of protection from fire
HPRegen 0.23/turn    l - ring of protection from cold
MPRegen 0.09/turn

%: no passive effects
@: no status effects
A: no striking features
a: no special abilities


You were on level 3 of the Dungeon.
You visited 1 branch of the dungeon, and saw 3 of its levels.

You collected 103 gold pieces.
You spent 26 gold pieces at shops.


   Skills:
 - Level 1.5 Fighting
 + Level 7.1 Ranged Weapons
 - Level 2.4 Dodging
 - Level 1.2 Stealth


You had 2 spell levels left.
You didn't know any spells.
Your spell library was empty.

Inventory:

Hand Weapons
 a - a +0 shortbow (weapon)
Armour
 e - a +0 cloak (worn)
 g - a +1 leather armour of poison resistance (worn)
 i - a +0 ring mail
Jewellery
 l - a ring of protection from cold (right hand)
 n - a ring of fire
 o - a ring of protection from fire (left hand)
 Y - a ring of willpower
Scrolls
 b - a scroll of identify
Potions
 c - a potion of ambrosia {unknown}
 j - a potion of degeneration {unknown}

Dungeon Overview and Level Annotations

Branches:
Dungeon (3/15)

Altars:

Shops:
D:1 ?


Message History

The orc priest is moderately wounded.
The orc priest invokes the aid of Beogh against you.
Pain shoots through your body!
You shoot an arrow. The arrow barely misses the orc priest.
The orc priest calls upon Beogh to heal the orc priest.
The orc priest's wounds heal themselves!
An orc comes into view. It is wielding a +0 flail.
You hear a shout!
You shoot an arrow. The arrow hits the orc priest.
The orc priest is lightly wounded.
The orc priest mumbles some strange prayers to Beogh against you.
Beogh smites you!
Ouch! That really hurt!
The orc priest looks satisfied for a moment.
You shoot an arrow.
The arrow closely misses the orc priest.
You shoot an arrow. The arrow hits the orc priest.
The orc priest is moderately wounded.
The orc priest hits you but does no damage.
An orc comes into view. It is wielding a +0 falchion.
An orc comes into view. It is wielding a +0 flail.
1402 ||| RETREEEEATING.
The orc shouts!
You hear a shout!
The orc priest barely misses you.
You shoot an arrow. The arrow barely misses the orc priest.
The orc priest barely misses you.
You shoot an arrow.
The arrow hits the orc priest but does no damage.
The orc priest is moderately wounded.
The orc priest completely misses you.
The orc priest hits you but does no damage.
You shoot an arrow. The arrow hits the orc priest.
The orc priest is moderately wounded.
The orc priest barely misses you.
The orc priest hits you but does no damage.
You shoot an arrow. The arrow barely misses the orc priest.
The orc priest calls down the wrath of Beogh upon you.
Beogh smites you!
Ouch! That really hurt!
You die...

#.###.. #.#
#...#.######.#
#........#.#
##..........#
#####....######.#
##.......## #.#
...####.# #.#
###>###..## #.#
#..o@.....# #.#
#.>...o#####.#
#.# #......o.
#.## #.#
.......... #..#
#.# ..........#
##~# #.#
..?.......# #~#
#.# ...........
#~# #.#
............ #~#
#.# #~# #.#


You could see 2 orc priests and an orc.

Vanquished Creatures
  An adder (D:3)
  2 dart slugs (D:1)
  A ribbon worm (D:2)
  An orc (D:2)
  5 endoplasms
  3 goblins (D:1)
  2 hobgoblins (D:2)
  3 jackals (D:1)
  3 quokkas
  A ball python (D:2)
  5 bats
  2 frilled lizards (D:1)
  2 kobolds
  3 rats
34 creatures vanquished.

Notes
Turn   | Place    | Note
-------+----------+-------------------------------------------
     0 | D:1      | qw the Deep Elf Hunter began the quest for the Orb.
     0 | D:1      | Reached XP level 1. HP: 12/12 MP: 3/3
     0 | D:1      | 0 ||| qw: Version: 0.3-a-160-g6735b56
     0 | D:1      | 0 ||| qw: Game counter: 6461
     0 | D:1      | 0 ||| qw: Melee chars always use a shield: true
     0 | D:1      | 0 ||| qw: God list: Okawaru
     0 | D:1      | 0 ||| qw: Allow faded altars: false
     0 | D:1      | 0 ||| qw: Do Orc after clearing Dungeon:15 true
     0 | D:1      | 0 ||| qw: Do second Lair branch before Depths: true
     0 | D:1      | 0 ||| qw: Lair rune preference: random
     0 | D:1      | 0 ||| qw: Goals: Normal
     0 | D:1      | 0 ||| PLANNING D:1-11
    85 | D:1      | Found a faded altar of an unknown god.
    97 | D:1      | Reached XP level 2. HP: 16/16 MP: 4/4
   109 | D:1      | Reached skill level 6 in Ranged Weapons
   140 | D:1      | 140 ||| DROPPING +2 sling of flaming.
   690 | D:1      | Found Iptyizi's Magic Scroll Shop.
   693 | D:1      | 693 ||| SHOPLISTING scroll of enchant weapon (97 gold, have
                  | 36).
   693 | D:1      | 693 ||| BUYING scroll of identify (26 gold).
   693 | D:1      | Bought a scroll of identify for 26 gold pieces
   693 | D:1      | 693 ||| SHOPLISTING scroll of teleportation (39 gold, have
                  | 10).
   778 | D:1      | 778 ||| UPGRADING to +0 cloak.
   783 | D:1      | 783 ||| UPGRADING to +1 leather armour of poison
                  | resistance.
   793 | D:1      | 793 ||| DROPPING +0 leather armour.
   794 | D:1      | 794 ||| UPGRADING to ring of willpower.
   795 | D:1      | 795 ||| READING 2 scrolls of identify.
   795 | D:1      | 795 ||| IDENTIFYING scroll labelled EGAYHA CUPRET
   796 | D:1      | 796 ||| READING scroll of identify.
   796 | D:1      | 796 ||| IDENTIFYING scroll labelled NOWAYXKAIH
   797 | D:1      | 797 ||| READING scroll labelled SOSSUN POZIO.
   798 | D:1      | 798 ||| DROPPING scroll of butterflies.
   799 | D:1      | 799 ||| DROPPING scroll of blinking.
   848 | D:2      | Reached XP level 3. HP: 20/20 MP: 5/5
  1060 | D:2      | HP: 4/20 [ribbon worm (5)]
  1061 | D:2      | 1061 ||| READING scroll of teleportation.
  1207 | D:2      | Reached skill level 7 in Ranged Weapons
  1227 | D:2      | 1227 ||| UPGRADING to ring of protection from cold.
  1228 | D:2      | 1228 ||| UPGRADING to ring of protection from fire.
  1230 | D:2      | 1230 ||| READING scroll labelled VYMU ROAROYR.
  1231 | D:2      | 1231 ||| READING scroll labelled TINUNI UVYIDUO.
  1232 | D:2      | 1232 ||| READING scroll labelled HUIJAO KODDI.
  1233 | D:2      | 1233 ||| READING scroll labelled LOEJUW IN GYCK.
  1234 | D:2      | 1234 ||| READING 3 scrolls labelled XUIPONW PUFFEL.
  1335 | D:2      | 1335 ||| DROPPING 2 scrolls of vulnerability.
  1342 | D:3      | 1342 ||| PLANNING SEWER
  1402 | D:3      | 1402 ||| RETREEEEATING.
  1406 | D:3      | Killed from afar by an orc priest

Levels and vault maps discovered:
D:1:      amcnicky_arrival_double_pillar, layout_basic, serial_shops,
          nicolae_shop_rolled_up, ebering_ecumenical_altar_mist,
          lemuel_flame_loot_1
D:2:      layout_rooms
D:3:      layout_rooms, mainiacjoe_overflow_concentric_impassable,
          portal_sewer_entry_d, serial_shops, shop, minmay_misc_feat_hallway,
          uniq_crazy_yiuf_cottage

Skill      XL: |  1  2  3 |
---------------+----------+-----
Ranged Weapons | 6 7 |  7.1
Fighting       | |  1.5
Dodging        | |  2.4
Stealth        | |  1.2

Action                     || total
---------------------------++-------
   Fire: Shortbow          ||   116
    Use: Scroll            ||     9
 Armour: Leather armour    ||    22
  Dodge: Dodged            ||    23

Table legend:
 A = Non-vault XP
 B = Vault XP
 C = Vault XP percentage of total XP
 D = Non-vault monster count
 E = Vault monster count
 F = Vault count percentage of total count
                 A         B        C        D         E       F
            +---------+---------+-------+---------+---------+-------
      Total |      63 |      13 |  17.1 |      33 |       1 |   2.9
            +---------+---------+-------+---------+---------+-------
        D:1 |      32 |       0 |   0.0 |      17 |       0 |   0.0
        D:2 |      31 |       0 |   0.0 |      16 |       0 |   0.0
        D:3 |       0 |      13 | 100.0 |       0 |       1 | 100.0
            +---------+---------+-------+---------+---------+-------
